 Dungeon Crawl Stone Soup version 0.26-a0-466-g989023bd0d (webtiles) character file.

Game seed: 6253111327871799387

50 HoaS the Ruffian (level 3, -5/29 HPs)
             Began as a Ghoul Gladiator on Aug 9, 2020.
             Slain by an orc warrior
             ... wielding a +0 hand axe
              (19 damage)
             ... on level 2 of the Dungeon.
             The game lasted 00:02:52 (821 turns).

HoaS the Ruffian (Ghoul Gladiator)                   Turns: 821, Time: 00:02:52

Health: -5/29      AC:  4    Str: 18    XL:     3   Next: 79%
Magic:  2/2        EV: 12    Int:  3    God:
Gold:   60         SH:  0    Dex: 10    Spells: 2/2 levels left

rFire    . . .     SeeInvis .     - Unarmed
rCold    + . .     Faith    .   (no shield)
rNeg     + + +     Spirit   .   a - +0 leather armour
rPois    ∞         Reflect  .   b - +0 helmet
rElec    .         Harm     .   (no cloak)
rCorr    .                      (no gloves)
MR       .....                  (no boots)
Stlth    +.........             (no amulet)
HPRegen  0.00/turn              (no ring)
MPRegen  0.08/turn              (no ring)

@: no status effects
A: rotting body, claws 1, cold resistance 1, negative energy resistance 3,
inhibited regeneration, torment resistance, unbreathing
a: no special abilities


You were on level 2 of the Dungeon.
You visited 1 branch of the dungeon, and saw 2 of its levels.

You collected 60 gold pieces.

Inventory:

Missiles
 f - 17 poisoned darts (quivered)
Armour
 a - a +0 leather armour (worn)
 b - a +0 helmet (worn)
Scrolls
 d - 3 scrolls of identify
Potions
 e - a potion of curing


   Skills:
 - Level 2.1 Fighting
 - Level 1.7 Throwing
 - Level 2.6 Dodging
 + Level 5.1 Unarmed Combat


You had 2 spell levels left.
You didn't know any spells.
Your spell library was empty.

Dungeon Overview and Level Annotations

Branches:
Dungeon (2/15)

Altars:

Annotations:
D:2 Terence


Innate Abilities, Weirdness & Mutations

Your body is rotting away.
You thrive by killing the living.
You are immune to poison.
You have sharp fingernails.
Your flesh is cold resistant. (rC+)
You are immune to negative energy. (rN+++)
You do not regenerate when monsters are visible.
You are immune to unholy pain and torment.
You can survive without breathing.


Message History

You scratch the orc warrior but do no damage.
The orc warrior is severely wounded.
The orc warrior struggles against the net.
You scratch the orc warrior.
The orc warrior is almost dead.
The orc warrior struggles against the net.
You scratch the orc warrior.
The orc warrior is almost dead.
The orc warrior struggles against the net.
You scratch the orc warrior but do no damage.
The orc warrior is almost dead.
Terence the Incautious comes into view.
He is wielding a +0 short sword and carrying a wand of flame (18).
The orc warrior struggles against the net.
The net rips apart, and the orc warrior comes free!
You closely miss the orc warrior.
The orc warrior is almost dead.
Terence shouts!
You hear a shout!
The orc warrior hits you with a +0 hand axe!!
Ouch! That really hurt!
You die...

####..............#*,,,,,,,,,_,,*
# #..............#*,,,,,,,**,*,,
# #..............#*,,,,,,,*,,,,,
####....########'##*,,,,,,,******
..##.#### #.# *,,,,,,,* *
#.##.###########.# *,,,,,,,* *
..##.##........#.# *,,,,,,,* *
.###.#.........#.# ****,,,,* *
<....#.........#@#********,******
..##.#....^....#o#,,,,,,,,,**,,,,
..##.#.........#r#,#*********,*,,
..##.#..o......@o#.# *,*,*
....>..#....#'#....# ******,*,*
.....###.####,#.#### *,,,,,,,,,
.#...#....,,,,#.#### *,****,*,,
##.###.##.#***#.†..# *,* *,***
### #.**.# ####.# *,* *,*


You could see an orc warrior, Terence, an orc and a rat.

Vanquished Creatures
  An ooze (D:1)
  2 dart slugs (D:1)
  4 giant cockroaches (D:1)
  A goblin (D:1)
  6 hobgoblins
  11 jackals
  3 bats
  A frilled lizard (D:1)
  2 kobolds (D:1)
  6 rats (D:1)
37 creatures vanquished.

Vanquished Creatures (others)
  4 toadstools (D:1)
4 creatures vanquished.

Grand Total: 41 creatures vanquished

Notes
Turn   | Place    | Note
-------+----------+-------------------------------------------
     0 | D:1      | HoaS the Ghoul Gladiator began the quest for the Orb.
     0 | D:1      | Reached XP level 1. HP: 17/17 MP: 0/0
   122 | D:1      | Reached XP level 2. HP: 24/24 MP: 1/1
   132 | D:1      | Reached skill level 4 in Unarmed Combat
   313 | D:1      | Reached XP level 3. HP: 25/29 MP: 2/2
   412 | D:1      | Reached skill level 5 in Unarmed Combat
   657 | D:2      | Noticed an orc warrior
   820 | D:2      | Noticed Terence
   821 | D:2      | Slain by an orc warrior

Illustrated notes

Levels and vault maps discovered:
D:1:      ldierk_walled_garden_2, layout_basic
D:2:      minmay_wonky_spiral, layout_basic, ashenzari_altar_1, uniq_robin,
          uniq_terence

Skill      XL: |  1  2  3 |
---------------+----------+-----
Unarmed Combat | 4 5 |  5.1
Fighting       | |  2.1
Throwing       | |  1.7
Dodging        | |  2.6

Action                   || total
-------------------------++-------
Melee: Unarmed           ||   103
       Punch             ||     3
Throw: Throwing net      ||     3
  Use: Scroll            ||     4
 Stab: Held in net/web   ||     1
Armor: Leather armour    ||    32
Dodge: Dodged            ||    52

Table legend: (Time is in decaauts)
 A = Elapsed time spent in this place.
 B = Non-inter-level travel time spent in this place.
 C = Inter-level travel time spent in this place.
 D = Time resting spent in this place.
 E = Time spent auto-exploring this place.
 F = Levels seen in this place.
 G = Mean time per level.
                   A        B        C        D        E       F      G
               +--------+--------+--------+--------+--------+-----+--------+
         Total |    816 |    770 |     46 |     51 |    453 |   2 |  408.0 |
       Dungeon |    816 |    770 |     46 |     51 |    453 |   2 |  408.0 |
               +--------+--------+--------+--------+--------+-----+--------+

Top non-repeatable levels by time:
     D:1: 639 daAuts
     D:2: 177 daAuts
